 Dungeon Crawl Stone Soup version 0.27.1-33-g824d729ab1 (webtiles) character file.

Game seed: 3392056322640009385

7481 djsenpai the Basher (level 11, -9/56 HPs)
             Began as a Vine Stalker Fighter on Dec 11, 2021.
             Was a High Priest of Fedhas.
             Mangled by a boulder beetle (41 damage)
             ... on level 10 of the Dungeon.
             The game lasted 00:44:44 (9197 turns).

djsenpai the Basher (Vine Stalker Fighter)          Turns: 9197, Time: 00:44:45

Health: -9/56      AC: 17    Str: 28    XL:     11   Next: 15%
Magic:  0/12       EV:  7    Int:  8    God:    Fedhas [*****.]
Gold:   593        SH: 17    Dex: 14    Spells: 10/10 levels left

rFire    . . .     SeeInvis .   a - +0 flail
rCold    + . .     Faith    .   c - +0 kite shield
rNeg     . . .     Spirit   +   t - +2 plate armour {rPois}
rPois    +         Reflect  +   (no helmet)
rElec    .         Harm     .   I - +1 cloak {rPois}
rCorr    .         Rampage  .   (no gloves)
Will     +....                  (no boots)
Stlth    ..........             p - amulet of reflection
HPRegen  1.18/turn              e - ring of protection from cold
MPRegen  0.13/turn              g - +6 ring of strength

@: no status effects
A: fangs 3, regeneration 1, magic shield, antimagic bite, no potion heal 2
a: Renounce Religion, Wall of Briars, Grow Ballistomycete, Overgrow, Grow Oklob


You were on level 10 of the Dungeon.
You worshipped Fedhas.
Fedhas was extremely pleased with you.
You visited 1 branch of the dungeon, and saw 10 of its levels.

You collected 593 gold pieces.

Inventory:

Hand Weapons
 a - a +0 flail (weapon)
Missiles
 h - 3 throwing nets
 x - 3 silver javelins
Armour
 c - a +0 kite shield (worn)
 t - a +2 plate armour of poison resistance (worn)
 I - a +1 cloak of poison resistance (worn)
Jewellery
 e - a ring of protection from cold (left hand)
 g - a +6 ring of strength (right hand)
 k - an amulet of the acrobat
 n - a ring of ice
 p - an amulet of reflection (around neck)
 r - a ring of positive energy
 B - an amulet of magic regeneration
 K - a ring of willpower
Wands
 A - a wand of polymorph (1)
 D - a wand of charming (16)
Scrolls
 f - 2 scrolls of identify
 i - a scroll of blinking
 m - 2 scrolls of amnesia
 o - 4 scrolls of teleportation
 q - 2 scrolls of enchant armour
 s - 2 scrolls of noise
 u - a scroll of vulnerability
 v - 3 scrolls of enchant weapon
 y - 2 scrolls of immolation
 F - a scroll of fog
 J - 2 scrolls of brand weapon {unknown}
 M - a scroll of magic mapping {unknown}
Potions
 b - a potion of flight {unknown}
 d - 2 potions of might
 j - 3 potions of haste {unknown}
 l - 2 potions of degeneration {unknown}
 w - a potion of ambrosia {unknown}
 z - 3 potions of curing {unknown}
 C - a potion of invisibility {unknown}
 E - 3 potions of heal wounds {unknown}
 G - a potion of mutation {unknown}
 H - 2 potions of cancellation {unknown}
 L - a potion of lignification {unknown}


   Skills:
 + Level 5.3 Fighting
 + Level 10.2 Maces & Flails
 + Level 6.5 Armour
 + Level 1.7 Dodging
 + Level 0.8 Stealth
 + Level 8.7 Shields
 + Level 0.2 Invocations


You had 10 spell levels left.
You didn't know any spells.
Your spell library contained the following spells:

 Spells                   Type           Power      Damage    Failure   Level
 Corona                   Hex            0%         N/A       100%        1
 Pain                     Necr           0%         1d4       100%        1
 Summon Small Mammal      Summ           0%         N/A       100%        1
 Blink                    Tloc           N/A        N/A       100%        2
 Passwall                 Tmut/Erth      0%         N/A       100%        2
 Conjure Flame            Conj/Fire      0%         6-21      100%        3
 Ignite Poison            Fire/Tmut/Pois 0%         N/A       100%        3
 Lesser Beckoning         Tloc           0%         N/A       100%        3
 Swiftness                Air            0%         N/A       100%        3
 Airstrike                Air            0%         N/A       100%        4
 Animate Dead             Necr           0%         N/A       100%        4
 Fulminant Prism          Conj/Hex       0%         3d6       100%        4
 Iskenderun's Mystic Bla  Conj/Tloc      0%         2d3       100%        4
 Sticky Flame             Conj/Fire      0%         2d3       100%        4
 Summon Lightning Spire   Summ/Air       0%         N/A       100%        4
 Borgnjor's Vile Clutch   Necr/Erth      0%         N/A       100%        5
 Lee's Rapid Deconstruct  Erth           0%         3d5*      100%        5
 Lightning Bolt           Conj/Air       0%         1d11      100%        5
 Manifold Assault         Tloc           0%         N/A       100%        5
 Death Channel            Necr           0%         N/A       100%        6
 Invisibility             Hex            0%         N/A       100%        6


Dungeon Overview and Level Annotations

Branches:
Dungeon (10/15)            Temple (0/1) D:5
   Lair: D:8-11         Orc: D:9-12

Altars:
Fedhas
Kikubaaqudgha
Makhleb
Nemelex Xobeh
Okawaru
Sif Muna
Trog
Wu Jian
Zin
The Shining One


Innate Abilities, Weirdness & Mutations

You have razor-sharp teeth.
Your natural rate of healing is unusually fast.
When hurt, damage is shared between your health and your magic reserves.
Your bite disrupts and absorbs the magic of your enemies.
Potions cannot restore your health.


Message History

You drop a +0 dire flail.
There is a stone staircase leading down here.
You climb downwards.
There is a stone staircase leading up here.
There is a stone staircase leading up here.
There is an open door here.
There is an open door here.
There is an open door here.
There is an open door here.
There is a stone staircase leading down here.
You climb downwards.
There is a stone staircase leading up here.
You see here 10 arrows.
There is an open door here.
You open the door.
There is an open door here.
There is a stone staircase leading down here.
A two-headed ogre comes into view.
It is wielding a +0 giant club and a +0 giant spiked club.
A two-headed ogre is nearby!
The two-headed ogre hits you with a +0 giant club!
The two-headed ogre hits you with a +0 giant spiked club!!
The boulder beetle curls into a ball and begins rolling!
You block the boulder beetle's attack.
The boulder beetle stops rolling and uncurls.
The boulder beetle curls into a ball and begins rolling!
There is a stone staircase leading down here.
The boulder beetle barely misses you.
The boulder beetle stops rolling and uncurls.
The boulder beetle leaps!
You hit the boulder beetle but do no damage.
You bite the boulder beetle, but do no damage.
The boulder beetle bites you!!
The boulder beetle curls into a ball and begins rolling!
You block the boulder beetle's attack.
The boulder beetle stops rolling and uncurls.
The boulder beetle curls into a ball and begins rolling!
The boulder beetle hits you!!!
Ouch! That really hurt!
You die...
Fedhas appreciates your contribution to the ecosystem.

..≈≈≈≈≈..#.......+...............
.........#.###.###..........#####
.........#.###.###...≈≈≈....#
########.#.......'.....≈....#
......##.#####.###.........##
......'..# #..##.........#
......#########.##.........#
......# .........#####'#########
......# .......#@#####.#.......#
#+##### ........B....#.#.......#
.........○...#.#.......##
####...≈O.°..'...........
#..≈≈≈..°.#.##########
##..≈≈≈....#'####
.....≈≈.........#
.................#
......≈..........#


You could see a boulder beetle (rolling) and a two-headed ogre.

Vanquished Creatures
  A two-headed ogre (D:8)
  The ghost of Powertoast the Ruffian, a novice TrTm of Cheibriados (D:4)
  Joseph (D:7)
  The ghost of ZappyNine the Conjurer, a novice DrCj (D:5)
  2 hornets (D:9)
  A wraith (D:10)
  8 yaks
  A steam dragon (D:6)
  2 acid dragons (D:10)
  3 water moccasins
  Duvessa (D:7)
  3 orc warriors
  3 sky beasts
  An ice beast (D:7)
  A necrophage (D:3)
  2 ogres (D:6)
  2 centaurs
  5 kobold brigands
  4 bullfrogs
  A scorpion (D:5)
  Dowan (D:7)
  A water moccasin zombie (D:5)
  A wyvern skeleton (D:7)
  A water moccasin skeleton (D:7)
  4 howler monkeys
  An electric eel (D:10)
  2 centaur zombies
  2 orc priests
  Crazy Yiuf (D:7)
  A bullfrog skeleton (D:5)
  6 hounds
  2 centaur skeletons
  An iguana (D:5)
  9 orc wizards
  A scorpion zombie (D:5)
  A killer bee zombie (D:6)
  A hound skeleton (D:4)
  4 gnolls
  2 howler monkey skeletons
  3 howler monkey zombies
  8 adders
  2 shadow imps
  An ufetubus (D:7)
  2 adder skeletons (D:4)
  3 worms
  3 dart slugs
  30 orcs
  12 endoplasms
  4 giant cockroaches
  13 goblins
  5 hobgoblins
  4 jackals (D:1)
  26 kobolds
  5 quokkas
  6 ball pythons
  4 bats (D:1)
  4 frilled lizards
  13 rats
234 creatures vanquished.

Vanquished Creatures (others)
  A hornet (D:9)
  6 plants (D:7)
7 creatures vanquished.

Grand Total: 241 creatures vanquished

Notes
Turn   | Place    | Note
-------+----------+-------------------------------------------
     0 | D:1      | djsenpai the Vine Stalker Fighter began the quest for the
                  | Orb.
     0 | D:1      | Reached XP level 1. HP: 11/11 MP: 2/2
   203 | D:1      | Reached XP level 2. HP: 16/16 MP: 3/3
   347 | D:1      | Found a faded altar of an unknown god.
   378 | D:1      | Reached skill level 2 in Maces & Flails
   528 | D:1      | Became a worshipper of Fedhas Madash
   528 | D:1      | Reached * piety under Fedhas
   795 | D:1      | Reached XP level 3. HP: 18/19 MP: 4/4
  1498 | D:2      | Gained mutation: Your natural rate of healing is unusually
                  | fast. [Vine Stalker growth]
  1498 | D:2      | Reached XP level 4. HP: 20/24 MP: 5/5
  1798 | D:2      | Reached ** piety under Fedhas
  1848 | D:2      | Reached XP level 5. HP: 27/28 MP: 4/6
  2197 | D:3      | Noticed a necrophage
  2247 | D:3      | Killed a necrophage
  2248 | D:3      | Reached skill level 3 in Maces & Flails
  2248 | D:3      | Reached XP level 6. HP: 28/32 MP: 7/7
  2873 | D:4      | Reached *** piety under Fedhas
  3139 | D:4      | Reached XP level 7. HP: 35/36 MP: 8/8
  3237 | D:4      | Reached skill level 4 in Maces & Flails
  3288 | D:4      | Found a transporter.
  3288 | D:4      | Noticed Powertoast's ghost (novice TrTm)
  3342 | D:4      | Found a transporter.
  3765 | D:5      | Entered Level 5 of the Dungeon
  3914 | D:5      | Reached skill level 5 in Shields
  3957 | D:5      | Gained mutation: You have razor-sharp teeth. [Vine Stalker
                  | growth]
  3957 | D:5      | Reached XP level 8. HP: 42/42 MP: 9/9
  4033 | D:5      | Found a staircase to the Ecumenical Temple.
  4186 | D:5      | Found a large runed translucent door.
  4186 | D:5      | Found a large runed translucent door.
  4188 | D:5      | Noticed ZappyNine's ghost (novice DrCj)
  4454 | D:5      | Found an ancient bone altar of Kikubaaqudgha.
  4623 | D:5      | Killed ZappyNine's ghost
  4624 | D:5      | Reached skill level 5 in Maces & Flails
  4774 | D:4      | Killed Powertoast's ghost
  4775 | D:4      | Reached skill level 6 in Maces & Flails
  4775 | D:4      | Reached XP level 9. HP: 34/46 MP: 10/10
  4921 | D:6      | Reached skill level 5 in Armour
  5080 | D:6      | Reached **** piety under Fedhas
  5081 | D:6      | Reached skill level 1 in Dodging
  5528 | D:6      | Reached skill level 7 in Maces & Flails
  5668 | D:7      | Noticed Joseph
  5669 | D:7      | Found an iron altar of Okawaru.
  5691 | D:7      | Killed Joseph
  5898 | D:7      | Noticed Duvessa
  5898 | D:7      | Noticed Dowan
  5974 | D:7      | Killed Duvessa
  5981 | D:7      | Killed Dowan
  6010 | D:7      | Reached skill level 8 in Maces & Flails
  6010 | D:7      | Reached XP level 10. HP: 51/51 MP: 11/11
  6193 | D:7      | Reached skill level 5 in Fighting
  6230 | D:7      | Found a shimmering blue altar of Sif Muna.
  6268 | D:7      | Got Sif Muna's Catalogue of Darkness
  6270 | D:7      | Got Sif Muna's Compendium of Curses
  6272 | D:7      | Got Sif Muna's Papyrus of Summoning
  6561 | D:7      | Found a runed translucent door.
  6562 | D:7      | Noticed Crazy Yiuf
  6567 | D:7      | Killed Crazy Yiuf
  7009 | D:8      | Found a large runed translucent door.
  7012 | D:8      | Found a large runed translucent door.
  7382 | D:8      | Noticed a moth of wrath
  7543 | D:8      | Found a bloodstained altar of Trog.
  7702 | D:8      | Noticed a two-headed ogre
  7735 | D:8      | Killed a two-headed ogre
  7736 | D:8      | Reached skill level 9 in Maces & Flails
  7761 | D:8      | Found a sparkling altar of Nemelex Xobeh.
  7775 | D:8      | Found a burning altar of Makhleb.
  8016 | D:9      | Killed a hornet
  8123 | D:9      | Found a glowing golden altar of the Shining One.
  8287 | D:9      | Reached XP level 11. HP: 56/56 MP: 12/12
  8432 | D:9      | Found a glowing silver altar of Zin.
  8432 | D:9      | Noticed an angel
  8558 | D:10     | Entered Level 10 of the Dungeon
  8573 | D:10     | Reached skill level 10 in Maces & Flails
  8582 | D:10     | Reached ***** piety under Fedhas
  8651 | D:10     | Found an ornate altar of the Wu Jian Council.
  8845 | D:10     | Noticed a boulder beetle
  9171 | D:10     | Noticed a two-headed ogre
  9197 | D:10     | Mangled by a boulder beetle

Illustrated notes

Levels and vault maps discovered:
D:1:      ncdulo_smallfort, layout_basic, hellmonk_ecumenical_altar_dog_temple
D:2:      layout_loops_ring, minmay_randomly_rotated_circles
D:3:      layout_basic
D:4:      layout_basic, gammafunk_ghost_mausoleum, uniq_eustachio
D:5:      lemuel_ice_spiral_2, layout_basic, mainiacjoe_overflow_alcove_2,
          minmay_temple_entry_statues_pillars, ebering_ghost_disaster_area
D:6:      layout_loops_ring, st_stairs_12, minmay_tree_intersection,
          hangedman_abyss_or_decor_lesser_grid
D:7:      corexii_shack_village, layout_basic, nicolae_sif_muna_little_library,
          okawaru_gym_becter, uniq_duvessa, uniq_crazy_yiuf_cottage, uniq_joseph
D:8:      layout_layer_cave, tgw_trog, jmf_multi_god_temple2
D:9:      layout_roguey, zin_angel, tso_oasis_becter
D:10:     layout_basic, lemuel_tele_altar, jmf_multi_god_temple,
          kennysheep_boxes, uniq_urug

Skill      XL: |  1  2  3  4  5  6  7  8  9 10 11 |
---------------+----------------------------------+-----
Shields        | 3 4 5 6 7 8 |  8.7
Maces & Flails | 2 3 4 6 8 9 10 | 10.2
Fighting       | 3 4 5 |  5.3
Armour         | 3 4 5 6 |  6.5
Dodging        | 1 |  1.7
Stealth        | |  0.8
Invocations    | |  0.2

Action                   |  1- 3 |  4- 6 |  7- 9 | 10-12 || total
-------------------------+-------+-------+-------+-------++-------
Melee: Flail             |   112 |   162 |   301 |   254 ||   829
       Bite              |    30 |    54 |   126 |   118 ||   328
       Unarmed           |       |       |     4 |       ||     4
Invok: Wall of Briars    |       |       |     1 |       ||     1
       Overgrow          |       |       |       |     1 ||     1
Evoke: Wand              |       |       |       |     1 ||     1
  Use: Scroll            |       |       |       |    10 ||    10
Armor: Scale mail        |    47 |     1 |       |       ||    48
       Chain mail        |       |    52 |       |       ||    52
       Plate armour      |       |    28 |   112 |    73 ||   213
Dodge: Dodged            |    35 |    30 |    52 |    37 ||   154
Block: Kite shield       |    58 |    99 |   217 |   227 ||   601
       Reflection        |       |       |     5 |    19 ||    24
       Other             |       |       |     1 |       ||     1
